[Event "4th Memorial Warakomska-A 2020"]
[Site "Suwalki"]
[Date "2020.08.07"]
[Round "2.1"]
[White "Rudzinska, Michalina"]
[Black "Gumularz, Szymon"]
[Result "0-1"]
[ECO "C76"]
[WhiteElo "2080"]
[BlackElo "2513"]
[Annotator "ChessBase"]
[PlyCount "62"]
[EventDate "2020.08.06"]
[EventType "swiss"]
[EventCountry "POL"]
[SourceTitle "playchess.com"]
[Source "ChessBase"]
[SourceQuality "1"]
[TimeControl "40/5400+30:1800+30"]

1. e4 e5 2. Nf3 Nc6 3. Bb5 a6 4. Ba4 g6 5. c3 d6 6. d4 Bd7 7. O-O Bg7 8. d5 Nce7 9. Bxd7+ Qxd7 10. c4 h6 11. Nc3 f5 12. b4 Nf6 13. exf5 gxf5 14. c5 O-O 15. Qb3 Kh7 16. Rd1 Rg8 17. Rb1 Bh8 18. b5 Qe8 19. b6 Nd7 20. Na4 e4 21. Ne1 Qh5 22. bxc7 Ne5 23. Bf4 N7g6 24. Bg3 f4 25. Qxb7 Rac8 26. Nb6 fxg3 27. fxg3 Nf4 28. gxf4 Nf3+ 29. Nxf3 Rxg2+ 30. Kh1 Qxf3 31. Rb3 Rg1+ 0-1

[Event "4th Memorial Warakomska-A 2020"]
[Site "Suwalki"]
[Date "2020.08.07"]
[Round "2.3"]
[White "Praczukowski, Stanislaw"]
[Black "Goluch, Piotr"]
[Result "0-1"]
[ECO "B57"]
[WhiteElo "2132"]
[BlackElo "2376"]
[Annotator "ChessBase"]
[PlyCount "94"]
[EventDate "2020.08.06"]
[EventType "swiss"]
[EventCountry "POL"]
[SourceTitle "playchess.com"]
[Source "ChessBase"]
[SourceQuality "1"]
[TimeControl "40/5400+30:1800+30"]

1. e4 c5 2. Nf3 Nc6 3. d4 cxd4 4. Nxd4 Nf6 5. Nc3 d6 6. Bc4 Qb6 7. Nb3 e6 8. Bf4 Ne5 9. Be2 a6 10. O-O Be7 11. Be3 Qc7 12. f4 Ned7 13. a4 b6 14. Bf3 Bb7 15. g4 Nc5 16. Nxc5 bxc5 17. g5 Nd7 18. Bg2 g6 19. Qg4 h6 20. f5 Ne5 21. Qh3 O-O-O 22. f6 Bf8 23. Nd5 Qc6 24. b4 cxb4 25. Nxb4 Qc4 26. Nd5 Kb8 27. Nb6 Qe2 28. Rab1 Qg4 29. gxh6 Qxh3 30. Bxh3 Bxh6 31. Bxh6 Rxh6 32. Rb3 Kc7 33. Bg2 a5 34. Rfb1 Bc6 35. h3 g5 36. Rc3 Rb8 37. Rcb3 Rhh8 38. Bf1 Bxe4 39. Bg2 Bc6 40. Bxc6 Nxc6 41. Nc4 Rxb3 42. Rxb3 d5 43. Ne3 Nd4 44. Rd3 Ne2+ 45. Kf1 Nf4 46. Rb3 Rxh3 47. Kf2 Rh4 0-1

[Event "4th Memorial Warakomska-A 2020"]
[Site "Suwalki"]
[Date "2020.08.07"]
[Round "2.4"]
[White "Grabarczyk, Miroslaw"]
[Black "Shilov, Sergej"]
[Result "1-0"]
[ECO "E15"]
[WhiteElo "2366"]
[BlackElo "2121"]
[Annotator "ChessBase"]
[PlyCount "130"]
[EventDate "2020.08.06"]
[EventType "swiss"]
[EventCountry "POL"]
[SourceTitle "playchess.com"]
[Source "ChessBase"]
[SourceQuality "1"]
[TimeControl "40/5400+30:1800+30"]

1. d4 Nf6 2. c4 e6 3. Nf3 b6 4. g3 Ba6 5. b3 d5 6. Bg2 Bb4+ 7. Bd2 Be7 8. Bc3 Ne4 9. O-O O-O 10. Bb2 Nd7 11. Nc3 Nxc3 12. Bxc3 c6 13. Nd2 f5 14. a4 Nf6 15. a5 Ne4 16. Nxe4 fxe4 17. Qc2 b5 18. c5 Bf6 19. b4 Qe7 20. f3 exf3 21. exf3 g5 22. Rae1 Rae8 23. f4 Qg7 24. Qd3 g4 25. h3 Bc8 26. hxg4 Qxg4 27. Kf2 Qf5 28. Ke2 Re7 29. Rf3 Rg7 30. Rh1 Bd7 31. Bh3 Qxd3+ 32. Rxd3 Kf7 33. Bg2 Rfg8 34. Kf2 Bd8 35. Re3 Bc7 36. Rh4 Bd8 37. Rh6 Rh8 38. Bf3 Bf6 39. Re1 Ke7 40. g4 Rg6 41. Rh2 Bg7 42. g5 Bf8 43. Bd2 Bg7 44. Be3 e5 45. fxe5 Bf5 46. Kg3 Re6 47. Bg4 Bg6 48. Rf1 Rf8 49. Rfh1 Rh8 50. Bd2 Be4 51. Rf1 Rf8 52. Rxf8 Bxf8 53. Bxe6 Kxe6 54. g6 Bxg6 55. Bg5 a6 56. Kf4 Bf5 57. Bd8 Be4 58. Kg5 Bd3 59. Rf2 Bg7 60. Bc7 Ke7 61. Bd6+ Ke8 62. Rf4 Be4 63. e6 Bg6 64. Rf2 Kd8 65. Rf7 Ke8 1-0

[Event "4th Memorial Warakomska-A 2020"]
[Site "Suwalki"]
[Date "2020.08.07"]
[Round "2.5"]
[White "Jarocka, Liwia"]
[Black "Godzwon, Iwo"]
[Result "1/2-1/2"]
[ECO "B46"]
[WhiteElo "1934"]
[BlackElo "2347"]
[Annotator "ChessBase"]
[PlyCount "74"]
[EventDate "2020.08.06"]
[EventType "swiss"]
[EventCountry "POL"]
[SourceTitle "playchess.com"]
[Source "ChessBase"]
[SourceQuality "1"]
[TimeControl "40/5400+30:1800+30"]

1. e4 c5 2. Nf3 e6 3. d4 cxd4 4. Nxd4 Nc6 5. Nc3 a6 6. Be2 d6 7. Be3 Nf6 8. f4 Be7 9. Qd2 Qc7 10. O-O-O Na5 11. g4 Nc4 12. Bxc4 Qxc4 13. g5 Nd7 14. Rhe1 Nc5 15. Nb3 Nxe4 16. Nxe4 Qxe4 17. Bc5 Qc6 18. Bxd6 Qxd6 19. Qxd6 Bxd6 20. Rxd6 h6 21. g6 fxg6 22. Nc5 O-O 23. Re4 g5 24. fxg5 hxg5 25. Na4 e5 26. Nb6 Bf5 27. Rxe5 Rae8 28. Rdd5 g6 29. c4 Kf7 30. b4 Rh8 31. Rxe8 Kxe8 32. Rd2 Rh3 33. Kb2 g4 34. Rg2 Kd8 35. a4 Kc7 36. a5 Be4 37. Rd2 Bc6 1/2-1/2

[Event "4th Memorial Warakomska-A 2020"]
[Site "Suwalki"]
[Date "2020.08.07"]
[Round "2.6"]
[White "Lewicki, Miroslaw"]
[Black "Korbal, Arkadiusz"]
[Result "1-0"]
[ECO "B92"]
[WhiteElo "2340"]
[BlackElo "2113"]
[Annotator "ChessBase"]
[PlyCount "87"]
[EventDate "2020.08.06"]
[EventType "swiss"]
[EventCountry "POL"]
[SourceTitle "playchess.com"]
[Source "ChessBase"]
[SourceQuality "1"]
[TimeControl "40/5400+30:1800+30"]

1. e4 c5 2. Nf3 d6 3. d4 cxd4 4. Nxd4 Nf6 5. Nc3 a6 6. Be2 e5 7. Nb3 Be7 8. O-O O-O 9. Be3 Be6 10. Nd5 Bxd5 11. exd5 Nbd7 12. c4 Rc8 13. f3 Ne8 14. Qd2 b6 15. Rad1 f5 16. a3 f4 17. Bf2 a5 18. Bd3 g6 19. Qe2 Ng7 20. Rfe1 Bh4 21. g3 fxg3 22. hxg3 Bg5 23. Kg2 Nc5 24. Nd2 Bxd2 25. Rxd2 Nf5 26. Bc2 Qg5 27. Rh1 Rce8 28. b4 Nd4 29. Be3 Qf6 30. Bxd4 exd4 31. Qf2 Re3 32. bxc5 Rxf3 33. Rf1 Qg5 34. c6 Rxf2+ 35. Rdxf2 Re8 36. Bd1 Re7 37. Rf4 d3 38. Bg4 Qe5 39. Bd7 d2 40. c7 Qe2+ 41. R4f2 Qe4+ 42. Kh2 Re8 43. Bxe8 Qxc4 44. Bc6 1-0

[Event "4th Memorial Warakomska-A 2020"]
[Site "Suwalki"]
[Date "2020.08.07"]
[Round "2.7"]
[White "Kucza, Karol"]
[Black "Jakhari, Ansh"]
[Result "1/2-1/2"]
[ECO "B99"]
[WhiteElo "2245"]
[BlackElo "1908"]
[Annotator "ChessBase"]
[PlyCount "180"]
[EventDate "2020.08.06"]
[EventType "swiss"]
[EventCountry "POL"]
[SourceTitle "playchess.com"]
[Source "ChessBase"]
[SourceQuality "1"]
[TimeControl "40/5400+30:1800+30"]

1. e4 c5 2. Nf3 d6 3. d4 cxd4 4. Nxd4 Nf6 5. Nc3 a6 6. Bg5 e6 7. f4 Be7 8. Qf3 Nbd7 9. O-O-O Qc7 10. g4 b5 11. Bxf6 Nxf6 12. g5 Nd7 13. f5 O-O 14. fxe6 fxe6 15. Nxe6 Rxf3 16. Nxc7 Ra7 17. Ne8 Bxg5+ 18. Kb1 Ne5 19. Nxd6 Bg4 20. Be2 Rxc3 21. Bxg4 Nxg4 22. bxc3 Nf2 23. Rd5 Nxh1 24. Rxg5 Nf2 25. Rc5 g6 26. c4 bxc4 27. Rxc4 Ng4 28. h3 Nf2 29. h4 Rd7 30. Rc6 Re7 31. Rxa6 Nxe4 32. Kb2 Nxd6 33. Rxd6 Re4 34. h5 gxh5 35. Kb3 h4 36. a4 h3 37. Rd1 Kf7 38. a5 h2 39. Rh1 Rh4 40. a6 Rh6 41. Rxh2 Rxa6 42. Rxh7+ Ke8 43. Rh4 Kd7 44. Rc4 Kd6 45. Kb4 Rb6+ 46. Ka5 Rb8 47. c3 Kd5 48. Rc7 Kd6 49. Rh7 Kc5 50. Ka4 Kc4 51. Rc7+ Kd5 52. Ka3 Kd6 53. Rc4 Kd5 54. Rb4 Ra8+ 55. Kb3 Kc5 56. Rc4+ Kb5 57. Rh4 Rg8 58. Rh5+ Kc6 59. Kb4 Rg4+ 60. c4 Rg6 61. Ra5 Rg1 62. Ra6+ Kb7 63. Rh6 Rg5 64. Re6 Rf5 65. Kc3 Rf4 66. Re5 Kc6 67. Kb4 Rf6 68. Ra5 Rf1 69. Ra6+ Kb7 70. Rd6 Kc7 71. Re6 Rf5 72. Kc3 Rf4 73. Kd3 Kd7 74. Rg6 Kc7 75. Kc3 Kb7 76. Re6 Kc7 77. Kb4 Rf5 78. Re8 Kc6 79. Re4 Kb6 80. Rh4 Rg5 81. Rf4 Kc6 82. c5 Rg1 83. Rf6+ Kc7 84. Rf7+ Kc6 85. Rf6+ Kc7 86. Rf7+ Kc6 87. Kb3 Kxc5 88. Rf3 Rg5 89. Rd3 Rd5 90. Rxd5+ Kxd5 1/2-1/2

[Event "4th Memorial Warakomska-A 2020"]
[Site "Suwalki"]
[Date "2020.08.07"]
[Round "2.8"]
[White "Wolanski, Michal"]
[Black "Flis, Pawel"]
[Result "1-0"]
[ECO "A05"]
[WhiteElo "2019"]
[BlackElo "1873"]
[Annotator "ChessBase"]
[PlyCount "135"]
[EventDate "2020.08.06"]
[EventType "swiss"]
[EventCountry "POL"]
[SourceTitle "playchess.com"]
[Source "ChessBase"]
[SourceQuality "1"]
[TimeControl "40/5400+30:1800+30"]

1. Nf3 Nf6 2. c4 g6 3. g3 Bg7 4. Bg2 O-O 5. O-O d6 6. Nc3 Nc6 7. Rb1 e5 8. d3 a5 9. a3 Re8 10. Bg5 h6 11. Bxf6 Bxf6 12. b4 axb4 13. axb4 Nd4 14. e3 Nxf3+ 15. Bxf3 c6 16. Qb3 Bh3 17. Rfc1 Qd7 18. b5 h5 19. bxc6 bxc6 20. Qb7 Qxb7 21. Rxb7 Ra6 22. Rcb1 Kg7 23. R7b6 Rxb6 24. Rxb6 Ra8 25. Nb1 Ra2 26. Bg2 Bf5 27. Bf1 d5 28. Rxc6 Ra1 29. Rb6 dxc4 30. e4 Bd8 31. Rb8 Bc7 32. Rb7 Be6 33. dxc4 Ba5 34. Kg2 Be1 35. Rb2 f5 36. exf5 gxf5 37. Be2 h4 38. gxh4 e4 39. Nd2 Kf6 40. Nb3 Ra8 41. Nc5 Bf7 42. Nd7+ Ke6 43. Nb6 Rg8+ 44. Kf1 Bc3 45. Rc2 Be5 46. c5 Bxh2 47. Bc4+ Kf6 48. Bxf7 Kxf7 49. c6 Bc7 50. Nd5 Rc8 51. Kg2 Ke6 52. Nxc7+ Rxc7 53. Kg3 Ke5 54. Rc5+ Kd4 55. Rxf5 Rxc6 56. h5 Rc1 57. Kg4 Rg1+ 58. Kh4 Kd3 59. h6 Rh1+ 60. Kg5 Ke2 61. Kg6 Rh2 62. h7 Rg2+ 63. Rg5 Rh2 64. Rh5 Rg2+ 65. Kh6 Kxf2 66. h8=Q e3 67. Rf5+ Kg3 68. Qe5+ 1-0

[Event "4th Memorial Warakomska-A 2020"]
[Site "Suwalki"]
[Date "2020.08.07"]
[Round "2.9"]
[White "Mulet, Piotr"]
[Black "Szustakowski, Antoni"]
[Result "1-0"]
[ECO "B90"]
[WhiteElo "2217"]
[BlackElo "2295"]
[Annotator "ChessBase"]
[PlyCount "113"]
[EventDate "2020.08.06"]
[EventType "swiss"]
[EventCountry "POL"]
[SourceTitle "playchess.com"]
[Source "ChessBase"]
[SourceQuality "1"]
[TimeControl "40/5400+30:1800+30"]

1. e4 c5 2. Nf3 d6 3. d4 cxd4 4. Nxd4 Nf6 5. Nc3 a6 6. Bc4 e6 7. Qe2 b5 8. Bb3 Be7 9. f3 O-O 10. Be3 Bd7 11. g4 b4 12. Nd1 d5 13. g5 Ne8 14. h4 dxe4 15. fxe4 Nc6 16. Nf3 Nd6 17. Nf2 a5 18. e5 Nf5 19. Ne4 Qc7 20. Bf4 Rfc8 21. Rd1 Nb8 22. g6 fxg6 23. Nd6 Rf8 24. Bg5 Bxg5 25. Nxg5 Ng3 26. Qg2 Nxh1 27. Nxe6 Bxe6 28. Bxe6+ Kh8 29. Qxh1 Nc6 30. Qd5 h6 31. Nf7+ Rxf7 32. Bxf7 Qxe5+ 33. Qxe5 Nxe5 34. Bd5 Rc8 35. Be4 Re8 36. Kf2 Kh7 37. Rd4 Ng4+ 38. Kf3 Nf6 39. Bd3 Re1 40. Rd6 h5 41. Ra6 Re5 42. c4 bxc3 43. bxc3 Kh6 44. Ra8 Kh7 45. c4 Ng4 46. Kf4 Rc5 47. Ra6 Nf6 48. Ke3 Kh6 49. Kd4 Rc8 50. Rxa5 Rd8+ 51. Kc3 Ng4 52. Rg5 Rd6 53. c5 Rf6 54. Kd4 Rf4+ 55. Be4 Rf6 56. c6 Nf2 57. Rxg6+ 1-0

[Event "4th Memorial Warakomska-A 2020"]
[Site "Suwalki"]
[Date "2020.08.07"]
[Round "2.10"]
[White "Backiel, Hubert"]
[Black "Leskiewicz, Ignacy"]
[Result "1-0"]
[ECO "B51"]
[WhiteElo "1943"]
[BlackElo "2190"]
[Annotator "ChessBase"]
[PlyCount "133"]
[EventDate "2020.08.06"]
[EventType "swiss"]
[EventCountry "POL"]
[SourceTitle "playchess.com"]
[Source "ChessBase"]
[SourceQuality "1"]
[TimeControl "40/5400+30:1800+30"]

1. e4 c5 2. Nf3 d6 3. Bb5+ Nc6 4. O-O e5 5. c3 Bg4 6. d4 Qb6 7. Bxc6+ Qxc6 8. Nxe5 dxe5 9. Qxg4 Nf6 10. Qf5 exd4 11. cxd4 cxd4 12. Bg5 Nd7 13. Nd2 g6 14. Qd5 Bg7 15. Rac1 Qxd5 16. exd5 O-O 17. Rc7 Nf6 18. d6 Ne8 19. Rd7 f6 20. Bf4 g5 21. Bg3 f5 22. f4 Nf6 23. Rxb7 Ne4 24. Nxe4 fxe4 25. fxg5 e3 26. Rxg7+ Kxg7 27. Be5+ Kg6 28. Bxd4 e2 29. Re1 Rae8 30. Bf6 Rf7 31. Kf2 Re6 32. Rxe2 Rxd6 33. g4 h6 34. h4 hxg5 35. hxg5 Rh7 36. Kg2 Rdd7 37. Re6 Kf7 38. Rc6 Rd2+ 39. Kg3 Rd3+ 40. Kf4 Rh1 41. Rc7+ Ke6 42. Re7+ Kd6 43. Kf5 Rg1 44. Rxa7 Rf3+ 45. Kg6 Rxg4 46. Ra5 Re4 47. Kf7 Re7+ 48. Kg6 Rb7 49. a3 Rb6 50. Ra7 Rb5 51. Kg7 Ke6 52. Re7+ Kd6 53. Ra7 Ke6 54. Kg6 Rb6 55. a4 Rb8 56. a5 Kd5 57. a6 Kc6 58. Re7 Kb6 59. a7 Ra8 60. Kf7 Rf4 61. g6 Rc4 62. g7 Rcc8 63. Be5 Rc2 64. Bb8 Rf2+ 65. Ke8 Rg2 66. Kf8 Rf2+ 67. Rf7 1-0

[Event "4th Memorial Warakomska-A 2020"]
[Site "Suwalki"]
[Date "2020.08.07"]
[Round "2.11"]
[White "Deruelle Sala, Albert"]
[Black "Jurkiewicz, Krzysztof"]
[Result "1-0"]
[ECO "E92"]
[WhiteElo "2078"]
[BlackElo "2275"]
[Annotator "ChessBase"]
[PlyCount "69"]
[EventDate "2020.08.06"]
[EventType "swiss"]
[EventCountry "POL"]
[SourceTitle "playchess.com"]
[Source "ChessBase"]
[SourceQuality "1"]
[TimeControl "40/5400+30:1800+30"]

1. d4 Nf6 2. c4 g6 3. Nc3 Bg7 4. e4 d6 5. Nf3 O-O 6. Be2 e5 7. d5 Nh5 8. g3 Na6 9. Nd2 Nf6 10. h4 h5 11. Nb3 Nh7 12. g4 Bxg4 13. Bxg4 hxg4 14. h5 Qd7 15. Be3 gxh5 16. Rxh5 f5 17. exf5 Nf6 18. Rg5 Kf7 19. Qe2 Rh8 20. Qf1 Rh2 21. O-O-O Rah8 22. Nd2 Nc5 23. b4 Bh6 24. bxc5 Bxg5 25. Bxg5 Qxf5 26. Bxf6 Qxf6 27. Nce4 Qg6 28. cxd6 cxd6 29. c5 dxc5 30. Qb5 Qb6 31. Qd7+ Kf8 32. Nd6 R2h7 33. Qe8+ Kg7 34. Qf7+ Kh6 35. Rh1+ 1-0

[Event "4th Memorial Warakomska-A 2020"]
[Site "Suwalki"]
[Date "2020.08.07"]
[Round "2.12"]
[White "Bugajski, Robert"]
[Black "Strzelecki, Jerzy"]
[Result "1-0"]
[ECO "A49"]
[WhiteElo "2081"]
[BlackElo "1977"]
[Annotator "ChessBase"]
[PlyCount "89"]
[EventDate "2020.08.06"]
[EventType "swiss"]
[EventCountry "POL"]
[SourceTitle "playchess.com"]
[Source "ChessBase"]
[SourceQuality "1"]
[TimeControl "40/5400+30:1800+30"]

1. d4 Nf6 2. Nf3 g6 3. g3 d5 4. Bg2 Bg7 5. O-O O-O 6. c4 dxc4 7. Na3 c3 8. bxc3 c5 9. Bb2 Nc6 10. Re1 Qb6 11. Nc4 Qa6 12. Ncd2 e5 13. e3 cxd4 14. cxd4 exd4 15. Nxd4 Nxd4 16. Bxd4 Be6 17. Nb3 Nd7 18. Bxg7 Kxg7 19. Nd4 Nc5 20. Nxe6+ Nxe6 21. Qd5 Rab8 22. a4 Rfd8 23. Qe5+ f6 24. Qb5 Qd6 25. a5 Rd7 26. Rec1 Rc7 27. Rd1 Qe7 28. Rab1 Nc5 29. Rbc1 b6 30. h4 a6 31. Qb4 b5 32. Rd5 Rbc8 33. Rcd1 Qf8 34. h5 Re8 35. hxg6 hxg6 36. Rd6 Re6 37. Rd8 Re8 38. R8d6 Re6 39. Rd8 Re8 40. R8d5 Ne6 41. Qg4 Qe7 42. Be4 Nf8 43. Bxg6 Nxg6 44. Rd7 Rc4 45. Qe6 1-0

[Event "4th Memorial Warakomska-A 2020"]
[Site "Suwalki"]
[Date "2020.08.07"]
[Round "2.14"]
[White "Malaczek, Mateusz"]
[Black "Rosol, Alexander"]
[Result "1/2-1/2"]
[ECO "A15"]
[WhiteElo "2036"]
[BlackElo "1933"]
[Annotator "ChessBase"]
[PlyCount "101"]
[EventDate "2020.08.06"]
[EventType "swiss"]
[EventCountry "POL"]
[SourceTitle "playchess.com"]
[Source "ChessBase"]
[SourceQuality "1"]
[TimeControl "40/5400+30:1800+30"]

1. c4 Nf6 2. g3 g6 3. Bg2 Bg7 4. Nc3 d6 5. d3 O-O 6. e4 c6 7. Nge2 e5 8. O-O a5 9. h3 Be6 10. f4 Qd7 11. Kh2 Ne8 12. Be3 f6 13. b3 c5 14. Nd5 Bxd5 15. exd5 f5 16. fxe5 Bxe5 17. d4 cxd4 18. Nxd4 Nc7 19. Qd2 Qe7 20. Bg5 Qf7 21. Rae1 Nd7 22. Ne6 Rfc8 23. Bf4 Ne8 24. Bxe5 Nxe5 25. g4 Ng7 26. c5 Qe7 27. Nxg7 Kxg7 28. cxd6 Qxd6 29. Qd4 Re8 30. gxf5 g5 31. Kh1 Kf6 32. Rf3 Qb4 33. Qa1 Qxe1+ 34. Qxe1 Nxf3 35. Qc3+ Ne5 36. d6 Rad8 37. Qd4 Rd7 38. Qc5 Red8 39. Qxa5 Rxd6 40. Bxb7 Rd2 41. Qa6+ R2d6 42. Qa5 h5 43. Bg2 g4 44. Kh2 Rd2 45. Qa6+ Kg5 46. h4+ Kxf5 47. Qh6 Nf3+ 48. Kg3 R8d3 49. Qxh5+ Kf6 50. Qh6+ Ke5 51. Qf4+ 1/2-1/2

[Event "4th Memorial Warakomska-A 2020"]
[Site "Suwalki"]
[Date "2020.08.07"]
[Round "2.15"]
[White "Budzisz, Adrian"]
[Black "Chojnowski, Marcin"]
[Result "1-0"]
[ECO "B51"]
[WhiteElo "1823"]
[BlackElo "2035"]
[Annotator "ChessBase"]
[PlyCount "74"]
[EventDate "2020.08.06"]
[EventType "swiss"]
[EventCountry "POL"]
[SourceTitle "playchess.com"]
[Source "ChessBase"]
[SourceQuality "1"]
[TimeControl "40/5400+30:1800+30"]

1. e4 c5 2. Nf3 d6 3. Bb5+ Nd7 4. Ba4 a6 5. c4 Ngf6 6. O-O e6 7. Re1 Be7 8. Nc3 O-O 9. Bc2 e5 10. d3 Ne8 11. Nd2 f5 12. exf5 Nb8 13. g4 Nc6 14. Nd5 Nf6 15. Nxf6+ Bxf6 16. Ne4 Nd4 17. h3 Kh8 18. Be3 b6 19. Bxd4 cxd4 20. b4 Bg5 21. Bb3 Bf4 22. Kg2 Bb7 23. Re2 Qh4 24. Qe1 Qf6 25. f3 Qh6 26. h4 Rac8 27. Qf2 b5 28. cxb5 axb5 29. g5 Qh5 30. Nxd6 Be3 31. Qg3 Ba8 32. Nxc8 Rxc8 33. Rf1 Bf4 34. Qh3 Rc3 35. Rc2 Qe8 36. Rxc3 dxc3 37. Rf2 Qd7 1-0

[Event "4th Memorial Warakomska-A 2020"]
[Site "Suwalki"]
[Date "2020.08.07"]
[Round "2.16"]
[White "Krasiewicz, Robert"]
[Black "Marczukiewicz, Jerzy"]
[Result "1-0"]
[ECO "D45"]
[WhiteElo "2033"]
[BlackElo "1912"]
[Annotator "ChessBase"]
[PlyCount "77"]
[EventDate "2020.08.06"]
[EventType "swiss"]
[EventCountry "POL"]
[SourceTitle "playchess.com"]
[Source "ChessBase"]
[SourceQuality "1"]
[TimeControl "40/5400+30:1800+30"]

1. d4 d5 2. Nf3 Nf6 3. c4 c6 4. Qc2 e6 5. e3 Nbd7 6. Nc3 b6 7. b3 Bb7 8. Bd3 Be7 9. O-O O-O 10. Bb2 h6 11. Rad1 Qc7 12. Qe2 Rad8 13. Rfe1 Rfe8 14. Ne5 dxc4 15. Nxc4 c5 16. e4 cxd4 17. Nb5 Qb8 18. e5 Nd5 19. Qe4 Nf8 20. Qxd4 Bc5 21. Qg4 Nb4 22. Bb1 Rxd1 23. Rxd1 Bd5 24. Nbd6 Re7 25. a3 Nc6 26. b4 b5 27. Ne3 Bxd6 28. Nxd5 exd5 29. exd6 f5 30. Qg3 Rf7 31. Rxd5 f4 32. Qc3 Qe8 33. Rd1 Nb8 34. Ba2 Ne6 35. Qh3 Ng5 36. Bxf7+ Qxf7 37. Qc8+ Kh7 38. d7 Nxd7 39. Qxd7 1-0

[Event "4th Memorial Warakomska-A 2020"]
[Site "Suwalki"]
[Date "2020.08.08"]
[Round "4.4"]
[White "Lewicki, Miroslaw"]
[Black "Jarocka, Liwia"]
[Result "1-0"]
[ECO "B84"]
[WhiteElo "2340"]
[BlackElo "1934"]
[Annotator "ChessBase"]
[PlyCount "101"]
[EventDate "2020.08.06"]
[EventType "swiss"]
[EventCountry "POL"]
[SourceTitle "playchess.com"]
[Source "ChessBase"]
[SourceQuality "1"]
[TimeControl "40/5400+30:1800+30"]

1. e4 c5 2. Nf3 d6 3. d4 cxd4 4. Nxd4 Nf6 5. Nc3 e6 6. Be2 a6 7. a4 Be7 8. O-O O-O 9. Be3 Nc6 10. Kh1 Nxd4 11. Qxd4 Bd7 12. Rad1 Qc7 13. f4 Bc6 14. Bf3 Rad8 15. Qc4 Rc8 16. Qb3 b5 17. axb5 axb5 18. Nxb5 Bxb5 19. Qxb5 Rb8 20. Qd3 Rxb2 21. Bd4 Ra2 22. e5 dxe5 23. fxe5 Nd7 24. Rfe1 Rd8 25. c3 Ra5 26. Qe3 h6 27. Bh5 Bg5 28. Qf2 g6 29. h4 Be7 30. Rf1 Rf8 31. Qg3 Nxe5 32. Rde1 Bd6 33. Rf6 Kh7 34. Qf4 Rd5 35. Rf1 Qe7 36. Qe4 Kg7 37. Rxf7+ Qxf7 38. Rxf7+ Kxf7 39. c4 Rxd4 40. Qxd4 Ke7 41. Be2 Rc8 42. g4 g5 43. h5 Rc5 44. Qe4 Nf7 45. Bd3 Ra5 46. Qh7 Ra1+ 47. Kg2 Ra2+ 48. Kf1 Ra1+ 49. Ke2 Ra2+ 50. Kd1 Kf8 51. Bg6 1-0

[Event "4th Memorial Warakomska-A 2020"]
[Site "Suwalki"]
[Date "2020.08.08"]
[Round "4.5"]
[White "Kucza, Karol"]
[Black "Shilov, Sergej"]
[Result "0-1"]
[ECO "B06"]
[WhiteElo "2245"]
[BlackElo "2121"]
[Annotator "ChessBase"]
[PlyCount "96"]
[EventDate "2020.08.06"]
[EventType "swiss"]
[EventCountry "POL"]
[SourceTitle "playchess.com"]
[Source "ChessBase"]
[SourceQuality "1"]
[TimeControl "40/5400+30:1800+30"]

1. e4 g6 2. d4 Bg7 3. Nc3 a6 4. Be3 b5 5. Qd2 Bb7 6. f3 d6 7. h4 h5 8. Nh3 Nd7 9. a4 b4 10. Ne2 c5 11. Ng5 Ngf6 12. a5 O-O 13. d5 Ne5 14. Nf4 Bc8 15. c4 bxc3 16. bxc3 Bd7 17. c4 Rb8 18. Qc2 Nh7 19. Ra2 Qc7 20. Be2 Rb7 21. Nxh7 Kxh7 22. Nh3 Rfb8 23. Ng5+ Kg8 24. Bc1 Rb3 25. O-O Qb7 26. Kh1 Qc8 27. Kh2 Rc3 28. Qxc3 Ng4+ 29. fxg4 Bxc3 30. gxh5 f6 31. Nh3 gxh5 32. Bxh5 Bg4 33. Bxg4 Qxg4 34. Ra3 Be5+ 35. Bf4 Qe2 36. Rg3+ Kh7 37. Rf2 Qxe4 38. Bxe5 dxe5 39. d6 Qxh4 40. dxe7 Re8 41. Rgf3 Kg6 42. g4 e4 43. Rf4 e3 44. Re2 Rxe7 45. g5 Qh5 46. Rg2 fxg5 47. Rfg4 Re5 48. Kg3 Kf6 0-1

[Event "4th Memorial Warakomska-A 2020"]
[Site "Suwalki"]
[Date "2020.08.08"]
[Round "4.6"]
[White "Rudzinska, Michalina"]
[Black "Rasti, Arvin"]
[Result "1/2-1/2"]
[ECO "C06"]
[WhiteElo "2080"]
[BlackElo "2139"]
[Annotator "ChessBase"]
[PlyCount "93"]
[EventDate "2020.08.06"]
[EventType "swiss"]
[EventCountry "POL"]
[SourceTitle "playchess.com"]
[Source "ChessBase"]
[SourceQuality "1"]
[TimeControl "40/5400+30:1800+30"]

1. e4 e6 2. d4 d5 3. Nd2 Nf6 4. e5 Nfd7 5. c3 c5 6. Bd3 Nc6 7. Ne2 cxd4 8. cxd4 f6 9. exf6 Nxf6 10. Nf3 Bd6 11. O-O Qc7 12. g3 O-O 13. Bf4 Bd7 14. Rc1 a6 15. Ne5 Nh5 16. Qc2 g6 17. Bxg6 hxg6 18. Qxg6+ Ng7 19. Ng4 Bxf4 20. Nxf4 Be8 21. Nf6+ Rxf6 22. Qxf6 Qf7 23. Qxf7+ Bxf7 24. g4 Nxd4 25. Rc7 e5 26. Nd3 Nf3+ 27. Kg2 Ne6 28. Rxb7 e4 29. Kg3 d4 30. Nf4 Nxf4 31. Kxf4 d3 32. Rd1 Bg6 33. h4 Rf8+ 34. Kg3 Ne5 35. h5 Rf3+ 36. Kg2 Bf7 37. Re7 Nxg4 38. Rxe4 Nxf2 39. Rg4+ Kh7 40. Kxf3 Nxd1 41. Rb4 Bxh5+ 42. Kf4 Kg7 43. Rb6 Be2 44. Rxa6 Nxb2 45. Rd6 Bf1 46. Rd4 Be2 47. Ke4 1/2-1/2

[Event "4th Memorial Warakomska-A 2020"]
[Site "Suwalki"]
[Date "2020.08.08"]
[Round "4.7"]
[White "Praczukowski, Stanislaw"]
[Black "Szustakowski, Antoni"]
[Result "1/2-1/2"]
[ECO "C07"]
[WhiteElo "2132"]
[BlackElo "2295"]
[Annotator "ChessBase"]
[PlyCount "119"]
[EventDate "2020.08.06"]
[EventType "swiss"]
[EventCountry "POL"]
[SourceTitle "playchess.com"]
[Source "ChessBase"]
[SourceQuality "1"]
[TimeControl "40/5400+30:1800+30"]

1. e4 e6 2. d4 d5 3. Nd2 c5 4. Ngf3 cxd4 5. exd5 Qxd5 6. Bc4 Qd6 7. O-O Nc6 8. Nb3 Nf6 9. Nbxd4 Nxd4 10. Nxd4 Bd7 11. c3 Qc7 12. Qe2 a6 13. Bg5 O-O-O 14. Rfe1 Bd6 15. Nf3 h6 16. Bxf6 gxf6 17. Bd3 Rhg8 18. g3 h5 19. Nh4 Bc5 20. b4 Rxg3+ 21. hxg3 Qxg3+ 22. Ng2 Bc6 23. Be4 Bxe4 24. Qxe4 Bxf2+ 25. Kf1 Bxe1 26. Qxe1 Qf3+ 27. Kg1 Rg8 28. Qf1 Qg4 29. Rd1 e5 30. Rd3 e4 31. Re3 f5 32. Kh2 h4 33. Qf2 Rd8 34. Qxh4 Qg7 35. Qf4 Rh8+ 36. Rh3 Rxh3+ 37. Kxh3 Qxc3+ 38. Ne3 Qxb4 39. Qxf5+ Kb8 40. Qxf7 Qa3 41. Qf2 b5 42. Kg4 Qe7 43. Qf5 Qg7+ 44. Kf4 Qh6+ 45. Kxe4 Qh1+ 46. Kd4 Qa1+ 47. Kd5 Qxa2+ 48. Kc6 Qg8 49. Qe5+ Ka8 50. Qe7 Qc8+ 51. Kb6 Qb8+ 52. Ka5 b4 53. Qe4+ Qb7 54. Qxb7+ Kxb7 55. Kxb4 a5+ 56. Ka3 a4 57. Nc2 Kc6 58. Nd4+ Kd5 59. Nb3 axb3 60. Kxb3 1/2-1/2

[Event "4th Memorial Warakomska-A 2020"]
[Site "Suwalki"]
[Date "2020.08.08"]
[Round "4.8"]
[White "Mulet, Piotr"]
[Black "Korbal, Arkadiusz"]
[Result "1-0"]
[ECO "B34"]
[WhiteElo "2217"]
[BlackElo "2113"]
[Annotator "ChessBase"]
[PlyCount "72"]
[EventDate "2020.08.06"]
[EventType "swiss"]
[EventCountry "POL"]
[SourceTitle "playchess.com"]
[Source "ChessBase"]
[SourceQuality "1"]
[TimeControl "40/5400+30:1800+30"]

1. e4 c5 2. Nf3 Nc6 3. d4 cxd4 4. Nxd4 g6 5. Nc3 Bg7 6. Be3 Nf6 7. f3 O-O 8. Nb3 a5 9. Na4 d5 10. Nb6 Rb8 11. exd5 Nb4 12. c4 Bf5 13. Nd4 Nd7 14. Nxf5 gxf5 15. Nxd7 Qxd7 16. a3 Na6 17. Bd4 e5 18. Bc3 b5 19. cxb5 Nc7 20. a4 Nxd5 21. Bc4 Rfd8 22. Qxd5 Qxd5 23. Bxd5 Rxd5 24. Rd1 Rc5 25. O-O e4 26. Bxg7 Kxg7 27. fxe4 fxe4 28. Rd4 Re8 29. b4 axb4 30. Rxb4 e3 31. b6 f5 32. Re1 Rce5 33. g3 Kf6 34. Kg2 Ke6 35. b7 Rb8 36. Kf3 Kd5 1-0